 Dungeon Crawl Stone Soup version 0.28.0 (webtiles) character file.

Game seed: 4502892492253189323

34443 themarg the Summoner (level 13, -12/90 HPs)
             Began as a Merfolk Summoner on Feb 8, 2022.
             Was a High Priest of Ru.
             Mangled by a two-headed ogre (25 damage)
             ... on level 10 of the Dungeon on Feb 10, 2022.
             The game lasted 05:21:44 (29068 turns).

themarg the Summoner (Merfolk Summoner)            Turns: 29068, Time: 05:21:45

Health: -12/90     AC:  6    Str:  9    XL:     13   Next: 77%
Magic:  25/28      EV: 15    Int: 19    God:    Ru [*****.]
Gold:   884        SH:  0    Dex: 21    Spells: 20/34 levels left

rFire   . . .      SeeInvis .   D - +2 halberd
rCold   . . .      Faith    +   (shield currently unavailable)
rNeg    + . .      Spirit   .   G - +2 robe of the Secret Demons {Will++ Str+3}
rPois   .          Reflect  .   (no helmet)
rElec   .          Harm     .   E - +0 cloak
rCorr   .          Rampage  .   n - +0 pair of gloves
Will    ++...                   (no boots)
Stlth   ..........              g - amulet of faith
HPRegen 0.25/turn               y - +6 ring of dexterity
MPRegen 0.21/turn               A - ring of positive energy

@: no status effects
A: weak 1, no stealth, cowardly, inability to train armour, unskilled 2, (nimble
swimmer 2), mertail
a: Renounce Religion, Draw Out Power, Power Leap, Apocalypse


You were on level 10 of the Dungeon.
You worshipped Ru.
Ru was extremely pleased with you.
You visited 3 branches of the dungeon, and saw 17 of its levels.
You also visited: Ossuary.

You collected 884 gold pieces.

Inventory:

Hand Weapons
 b - a +2 rapier of speed
 j - a +4 quarterstaff of chaos
 D - a +2 halberd (weapon)
 M - a +6 hunting sling
 R - a +2 shortbow of flaming
Missiles
 k - 451 stones
 m - 10 javelins
 C - 5 atropa-tipped darts
 H - 3 throwing nets
 J - 96 poisoned darts (quivered)
 P - 9 silver boomerangs
 Q - 10 curare-tipped darts
Armour
 n - a +0 pair of gloves (worn)
 E - a +0 cloak (worn)
 G - the +2 robe of the Secret Demons (worn) {Will++ Str+3}
   (You found it on level 7 of the Dungeon)

   Str:       It affects your strength (+3).
   Will:      It greatly increases your willpower.
 U - a scarf of repulsion
Jewellery
 g - an amulet of faith (around neck)
 y - a +6 ring of dexterity (left hand)
 A - a ring of positive energy (right hand)
 B - an amulet of reflection
 O - a ring of see invisible
Wands
 d - a wand of acid (7)
 w - a wand of flame (64)
 x - a wand of digging (12)
 F - a wand of mindburst (13)
 T - a wand of polymorph (6)
 X - a wand of iceblast (5)
Scrolls
 a - a scroll of acquirement {unknown}
 h - 2 scrolls of enchant weapon
 i - 2 scrolls of immolation
 l - 2 scrolls of fear
 o - a scroll of noise {unknown}
 v - 5 scrolls of teleportation
 I - 3 scrolls of enchant armour
 K - a scroll of torment
 N - a scroll of magic mapping
 S - a scroll of blinking
 V - a scroll of identify
 W - a scroll of summoning
 Y - a scroll of holy word
Potions
 c - 3 potions of lignification
 e - a potion of haste
 f - a potion of ambrosia
 p - 2 potions of degeneration
 q - 3 potions of invisibility
 r - 4 potions of mutation
 s - 3 potions of curing
 t - 2 potions of berserk rage
 u - 2 potions of flight
 z - 3 potions of might
 L - 2 potions of attraction


   Skills:
 + Level 4.8 Fighting
 + Level 2.0 Short Blades
 + Level 10.3 Polearms
 + Level 0.3 Throwing
 + Level 5.1 Dodging
 + Level 11.3 Spellcasting
 - Level 0.8 Hexes
 + Level 11.6 Summonings
 + Level 2.8 Air Magic
 + Level 0.4 Evocations


You had 20 spell levels left.
You knew the following spells:

 Your Spells              Type           Power      Damage    Failure   Level
a - Summon Small Mammal   Summ           100%       N/A       1%          1
b - Summon Guardian Gole  Hex/Summ       34%        N/A       1%          3
c - Call Canine Familiar  Summ           53%        N/A       1%          3
d - Summon Lightning Spi  Summ/Air       38%        N/A       3%          4
e - Swiftness             Air            21%        N/A       6%          3

Your spell library contained the following spells:

 Spells                   Type           Power      Damage    Failure   Level
 Call Imp                 Summ           53%        N/A       1%          2
 Shock                    Conj/Air       64%        1d7       3%          1
 Apportation              Tloc           20%        N/A       7%          1
 Scorch                   Fire           20%        2d6       10%         2
 Inner Flame              Hex/Fire       12%        N/A       17%         3
 Airstrike                Air            10%        N/A       21%         4
 Alistair's Intoxication  Tmut/Pois      6%         N/A       88%         5
 Fireball                 Conj/Fire      5%         3d5       88%         5
 Fire Storm               Conj/Fire      5%         8d1       100%        9


Dungeon Overview and Level Annotations

Branches:
Dungeon (11/15)            Temple (1/1) D:5            Lair (5/6) D:10
  Swamp (0/4) Lair:2        Snake (0/4) Lair:3      Ossuary (visited)
  Slime: Lair:5-6       Orc: D:9-12

Altars:
Ashenzari
Cheibriados
Dithmenos
Elyvilon
Fedhas
Gozag
Hepliaklqana
Kikubaaqudgha
Makhleb
Nemelex Xobeh
Okawaru
Qazlal
Ru
Sif Muna
Trog
Uskayaw
Vehumet
Wu Jian
Xom
Yredelemnul
Zin
The Shining One

Annotations:
D:2 exclusion: downstairs
D:3 exclusion: downstairs
D:4 exclusion: upstairs
D:10 exclusion: downstairs
Lair:4 2 runed translucent doors, horus123's ghost, journeyman MiFi


Innate Abilities, Weirdness & Mutations

You are weak. (Str -2)
You cannot be stealthy.
Your cowardice makes you less effective in combat with threatening foes.
You cannot train Armour skill.
You are unskilled. (-2 Apt)
((You are very nimble when in or above water. (Stealth+, EV+, Speed+++)))
Your lower body shifts to a powerful aquatic tail in water.


Message History

Press: ? - help, Dir - move target, f - howler monkey
Aim: a howler monkey (almost dead, catching its breath, ally target, about 37% to evade your +2 halberd)
You slash the howler monkey!
You kill the howler monkey!
Your warg barely misses the two-headed ogre.
Your warg bites the two-headed ogre!
Things that are here:
a +0 dagger; a +0 dagger Your lightning spire shoots out a bolt of lightning at the two-headed ogre!
The bolt of electricity hits the two-headed ogre! x2
The bolt of electricity hits your lightning spire.
Your lightning spire completely resists.
Casting: Summon Lightning Spire (dangerous; 3% risk of failure)
Confirm with . or Enter, or press ? or * to list all spells.
A guardian golem appears, shielding your allies.
You start resting.
Your guardian golem disappears in a puff of smoke!
Magic restored.
You start resting.
HP restored.
Things that are here:
a +0 dagger; a +0 dagger
There is a stone staircase leading down, spattered with blood here.
You climb downwards.
The two-headed ogre hits you with a +0 giant spiked club!!
The two-headed ogre hits you with a +0 giant club!
There is a stone staircase leading up, spattered with blood here.
The two-headed ogre hits you with a +0 giant spiked club!!
The two-headed ogre closely misses you.
You climb upwards.
Level annotation: exclusion: downstairs
There is a stone staircase leading down, spattered with blood here.
Things that are here:
a +0 dagger; a +0 dagger
Casting: Summon Guardian Golem (safe; 1% risk of failure)
Confirm with . or Enter, or press ? or * to list all spells.
The two-headed ogre hits you with a +0 giant spiked club!
* * * LOW HITPOINT WARNING * * *
The two-headed ogre hits you with a +0 giant club!!
You die...

#....[....# #.....# #....
#####.##### #.....# #....
#.### ##.#### ###.... #...#
#.## #.....) #####'## #..###
#...... #......# ##...#
#...).. #......#
#########'####....♣) #.....(#
#.h...#....[##...♣.♣
#......#####@#.#.###.[().♣.♣.
#......).#)O.#9#.#.#.#.......
#.)....#.#>###.#.#.#.#.......
#......#.#)#...#.#...#...#..[
#......#.')#####.#.#####.#...
#......###.#.....#.#.# #.....
#......# #.#>#.###.#.# ###...
#......# #.#...#.#.#.# #...
#......# #)#####.#.#.# #...


You could see a two-headed ogre (ally target) and a friendly wolf (summoned).

Vanquished Creatures
  A boulder beetle (Lair:2)
  A catoblepas (Lair:2)
  A death yak (Lair:4)
  A black mamba (Lair:2)
  Psyche (D:9)
  2 komodo dragons
  5 yaks
  A wyvern (Lair:3)
  Grum (D:11)
  A steam dragon (Lair:4)
  3 vampire mosquitoes
  A warg (D:10)
  A hell hound (Lair:1)
  3 water moccasins
  3 orc warriors
  2 wolves
  2 centaurs
  5 kobold brigands (D:10)
  An elf zombie (D:7)
  A gnoll sergeant (D:8)
  2 scorpions (D:4)
  3 water moccasin zombies (Ossuary)
  A water moccasin skeleton (D:6)
  4 wights (D:7)
  2 howler monkeys
  A jelly (D:6)
  A centaur zombie (D:7)
  2 orc priests
  A bullfrog skeleton (D:7)
  A human skeleton (D:7)
  An iguana (D:4)
  3 orc wizards
  5 gnolls
  A howler monkey skeleton (D:6)
  A white imp (D:7)
  An ufetubus (D:7)
  An adder zombie (Ossuary)
  A worm (D:2)
  3 dart slugs (D:7)
  23 orcs
  4 endoplasms
  2 giant cockroaches
  A gnoll zombie (Ossuary)
  5 goblins
  5 hobgoblins
  6 jackals
  4 quokkas
  2 ball pythons
  3 bats
  A frilled lizard (D:1)
  6 kobolds
  A kobold zombie (Ossuary)
  2 orc skeletons (D:7)
  2 orc zombies
  2 rats (D:1)
141 creatures vanquished.

Vanquished Creatures (collateral kills)
  2 hydras
  A boulder beetle (Lair:4)
  2 two-headed ogres
  4 death yaks
  A manticore (D:11)
  3 cane toads
  2 black mambas
  3 komodo dragons
  A kobold demonologist (D:10)
  A rime drake (Lair:3)
  2 polar bears
  9 blink frogs
  Sigmund (D:3)
  3 wyverns
  A vampire (D:11)
  A spriggan (Lair:2)
  A shadow (D:9)
  A wraith (D:11)
  14 yaks
  A basilisk (Lair:2)
  A steam dragon (D:7)
  A warg (D:10)
  A hell hound (Lair:1)
  4 water moccasins
  2 ice beasts
  An orc warrior (D:9)
  2 black bears
  An ogre (D:9)
  A wolf (D:11)
  2 centaurs
  A nameless horror (Lair:3)
  18 kobold brigands
  9 bullfrogs
  A gnoll sergeant (D:9)
  7 water moccasin zombies
  3 scorpions
  A wight (D:7)
  Dowan (D:5)
  2 howler monkeys
  2 electric eels
  An orc priest (D:9)
  A centaur zombie (D:7)
  A jelly (D:6)
  A hound (D:6)
  An iguana (D:6)
  Ijyb (D:5)
  Jessica (D:3)
  9 orc wizards
  A hound skeleton (D:4)
  2 mummies (Ossuary)
  3 howler monkey zombies
  3 gnolls
  5 adders
  An ufetubus (D:7)
  3 adder zombies (Ossuary)
  2 worms
  7 dart slugs
  28 orcs
  3 endoplasms (D:2)
  3 giant cockroaches
  3 gnoll zombies (Ossuary)
  4 goblins
  2 hobgoblins
  A jackal (D:1)
  A quokka (D:3)
  6 ball pythons
  4 bats
  2 frilled lizards
  5 hobgoblin zombies (Ossuary)
  10 kobolds
  3 kobold zombies (Ossuary)
  An orc skeleton (D:7)
  4 orc zombies (Ossuary)
  3 rats
241 creatures vanquished.

Vanquished Creatures (others)
  3 hydras
  Harold (D:7)
  A two-headed ogre (D:11)
  A death yak (Lair:5)
  Joseph (D:9)
  3 cane toads
  2 rime drakes
  A kobold demonologist (D:10)
  2 polar bears
  5 yaks
  3 vampire mosquitoes
  A steam dragon (D:8)
  A warg (D:10)
  An acid dragon (D:10)
  Duvessa (D:5)
  A black bear (D:5)
  2 orc warriors
  2 centaurs (D:8)
  A phantom (D:5)
  5 kobold brigands (D:10)
  A bullfrog (D:8)
  3 water moccasin zombies (Ossuary)
  7 wights
  A centaur zombie (D:5)
  A bullfrog skeleton (D:5)
  An orc priest (D:9)
  Crazy Yiuf (D:7)
  A hound zombie (D:5)
  5 gnolls
  A white imp (D:6)
  A gnoll zombie (Ossuary)
  A hobgoblin zombie (Ossuary)
  A kobold zombie (Ossuary)
  An orc zombie (Ossuary)
  21 fungi
  57 plants
142 creatures vanquished.

Grand Total: 524 creatures vanquished

Notes
Turn   | Place    | Note
-------+----------+-------------------------------------------
     0 | D:1      | themarg the Merfolk Summoner began the quest for the Orb.
     0 | D:1      | Reached XP level 1. HP: 13/13 MP: 3/3
     3 | D:1      | Found a faded altar of an unknown god.
   372 | D:1      | Reached XP level 2. HP: 15/19 MP: 3/5
   915 | D:1      | Reached skill level 1 in Short Blades
  1094 | D:1      | Reached XP level 3. HP: 24/24 MP: 3/6
  2063 | D:2      | Learned a level 3 spell: Summon Guardian Golem
  2201 | D:2      | Reached XP level 4. HP: 30/30 MP: 5/7
  2205 | D:2      | Learned a level 3 spell: Call Canine Familiar
  3166 | D:3      | Noticed Jessica
  3517 | D:3      | Killed Jessica
  3705 | D:3      | Reached XP level 5. HP: 34/35 MP: 3/9
  3925 | D:3      | Noticed an ice beast
  4377 | D:3      | Noticed Sigmund
  4443 | D:3      | Killed Sigmund
  4444 | D:3      | Reached skill level 5 in Summonings
  4444 | D:3      | Reached XP level 6. HP: 41/41 MP: 1/12
  4893 | D:3      | Killed an ice beast
  5270 | D:4      | Reached XP level 7. HP: 21/46 MP: 8/13
  5443 | D:4      | Reached skill level 1 in Polearms
  6100 | D:5      | Entered Level 5 of the Dungeon
  6210 | D:5      | Reached skill level 5 in Spellcasting
  6239 | D:5      | Found a staircase to the Ecumenical Temple.
  6286 | D:5      | Reached XP level 8. HP: 53/53 MP: 5/15
  6555 | Temple   | Entered the Ecumenical Temple
  6805 | Temple   | Became a worshipper of Ru the Awakened
  7138 | D:5      | Learned a level 4 spell: Summon Lightning Spire
  7381 | D:5      | Noticed Dowan
  7420 | D:5      | Killed Dowan
  7587 | D:5      | Noticed Duvessa
  7600 | D:5      | Killed Duvessa
  7601 | D:5      | Reached skill level 1 in Hexes
  7765 | D:5      | Noticed Ijyb
  7793 | D:5      | Killed Ijyb
  7794 | D:5      | Reached skill level 1 in Fighting
  9049 | D:6      | Reached XP level 9. HP: 51/59 MP: 13/18
  9467 | D:7      | Reached skill level 5 in Polearms
  9480 | D:7      | Found a sand-covered staircase.
  9486 | Ossuary  | Entered an ossuary
  9495 | Ossuary  | Gained mutation: You are somewhat unskilled. (-1 Apt) [Ru
                  | sacrifice]
  9495 | Ossuary  | Reached * piety under Ru
  9612 | Ossuary  | Reached skill level 5 in Polearms
 10131 | D:7      | Found a runed translucent door.
 10132 | D:7      | Noticed Crazy Yiuf
 10151 | D:7      | Killed Crazy Yiuf
 10741 | D:7      | Identified the +2 robe of the Secret Demons {Will++ Str+3}
 10825 | D:7      | Noticed Harold
 10888 | D:7      | Killed Harold
 10889 | D:7      | Reached XP level 10. HP: 31/70 MP: 7/20
 11611 | D:7      | Found a broken altar of Ashenzari.
 12750 | D:8      | Gained mutation: You cannot be stealthy. [Ru sacrifice]
 12750 | D:8      | Reached ** piety under Ru
 12819 | D:8      | Learned a level 3 spell: Swiftness
 13459 | D:9      | Noticed Psyche
 13560 | D:9      | Noticed Joseph
 13571 | D:9      | Killed Joseph
 15160 | D:10     | Entered Level 10 of the Dungeon
 15307 | D:9      | Reached XP level 11. HP: 33/75 MP: 15/23
 15540 | D:10     | Noticed a soul eater
 15851 | D:10     | Found a staircase to the Lair.
 16112 | D:10     | Noticed a soul eater
 16123 | D:10     | Noticed a sixfirhy
 17673 | D:10     | Gained mutation: Your cowardice makes you less effective in
                  | combat with threatening foes. [Ru sacrifice]
 17673 | D:10     | Reached *** piety under Ru
 17923 | D:9      | Killed Psyche
 18026 | D:11     | Noticed a two-headed ogre
 18027 | D:11     | Noticed Grum
 18085 | D:10     | Killed a two-headed ogre
 18390 | D:11     | Killed Grum
 18791 | D:11     | Noticed a phantasmal warrior
 18965 | D:11     | Got the Handbook of Ignition
 18968 | D:11     | Found a burning altar of Makhleb.
 19017 | D:11     | Noticed a manticore
 19023 | D:11     | Noticed a two-headed ogre
 19028 | D:11     | Killed a manticore
 19035 | D:11     | Killed a two-headed ogre
 19036 | D:11     | Reached skill level 5 in Dodging
 19036 | D:11     | Reached skill level 10 in Summonings
 19323 | D:11     | Noticed a skeletal warrior
 19326 | D:11     | Noticed a phantasmal warrior
 19327 | D:11     | Noticed a death knight
 19533 | Lair:1   | Entered Level 1 of the Lair of Beasts
 19730 | Lair:1   | Noticed a five-headed hydra
 19740 | Lair:1   | Killed a six-headed hydra
 19741 | Lair:1   | Reached skill level 10 in Spellcasting
 19741 | Lair:1   | Reached XP level 12. HP: 47/83 MP: 15/26
 20190 | Lair:1   | Identified the +1 robe of Gotieb {rF- rC- Will++ rCorr}
 20835 | Lair:2   | Identified the +6 mace "Awkaet" {vorpal, Fly rN+ Str+2}
 21622 | Lair:2   | Reached skill level 10 in Polearms
 21773 | Lair:2   | Noticed a boulder beetle
 21813 | Lair:2   | Killed a boulder beetle
 21814 | Lair:2   | Reached skill level 1 in Air Magic
 22032 | Lair:2   | Noticed a catoblepas
 22073 | Lair:2   | Killed a catoblepas
 22253 | Lair:2   | Gained mutation: You cannot train Armour skill. [Ru
                  | sacrifice]
 22253 | Lair:2   | Reached **** piety under Ru
 22667 | Lair:2   | Found a staircase to the Swamp.
 23476 | Lair:3   | Found a staircase to the Snake Pit.
 23905 | Lair:3   | Reached XP level 13. HP: 90/90 MP: 17/28
 24521 | Lair:3   | Gained mutation: You are weak. (Str -2) [Ru sacrifice]
 24521 | Lair:3   | Reached ***** piety under Ru
 24938 | Lair:4   | Found a large runed translucent door.
 24938 | Lair:4   | Found a large runed translucent door.
 24942 | Lair:4   | Noticed horus123's ghost (journeyman MiFi)
 24951 | Lair:4   | Reached skill level 5 in Fighting
 26135 | Lair:5   | Found the +3 hat of Pondering {ponderous, Will+ MP+10
                  | Int+5}
 26284 | Lair:5   | Found a gate leading to a gauntlet.
 26658 | Lair:4   | Gained mutation: You are unskilled. (-2 Apt) [Ru sacrifice]
 27065 | Lair:4   | Reached skill level 10 in Polearms
 29068 | D:10     | Mangled by a two-headed ogre

Illustrated notes

Levels and vault maps discovered:
D:1:      dpeg_arrival_fog, layout_basic, ebering_ecumenical_altar_sacrificial
D:2:      layout_basic
D:3:      layout_basic, uniq_jessica, uniq_sigmund
D:4:      old_forge, layout_rooms, grunt_decor_fettered,
          minmay_misc_feat_four_crosses, minivault_5
D:5:      layout_cave_pods, minmay_temple_entry_overgrown, serial_bayou,
          serial_bayou_shore_b, serial_bayou_crossing, serial_bayou_pond_c,
          serial_bayou_shore_b, supply_closet_lemuel, uniq_duvessa, uniq_ijyb
D:6:      layout_loops_ring, corexii_checkpoint_a, nrook_mini_vaults
D:7:      kennysheep_slugbush, layout_basic, nicolae_ashenzari_panopticon,
          enter_bailey_3, nicolae_ossuary_entry_catacombs, grunt_ministairs_8,
          uniq_crazy_yiuf_cottage, uniq_harold
D:8:      layout_loops_ring
D:9:      layout_roguey, special_room [special_room_orc], uniq_joseph,
          uniq_psyche
D:10:     layout_roguey [special_room_kobold], erik_lair_orcish_takeover,
          chequers_garden, minmay_misc_feat_encased
D:11:     wad_river_or_something, layout_stronghold, david_orc_5,
          bloody_makhleb, uniq_grum
Temple:   mainiacjoe_temple_starburst
Lair:1:   layout_loops_ring, enter_volcano_3
Lair:2:   hellmonk_warped_wall, layout_cave_pods, swamp_mist,
          grunt_forest_large_clearing_hut
Lair:3:   layout_chaotic_city, dummy_snake_entry, lemuel_fruit_tree
Lair:4:   layout_regular_city, ebering_ghost_disaster_area
Lair:5:   layout_cave_pods, gauntlet_entry_generic,
          chequers_serial_rivers_large_b, serial_bayou_shore_a

Skill      XL: |  1  2  3  4  5  6  7  8  9 10 11 12 13 |
---------------+----------------------------------------+-----
Short Blades   | 1 2 |  2.0
Dodging        | 3 4 5 |  5.1
Spellcasting   | 4 5 6 7 8 10 11 11 | 11.3
Summonings     | 5 6 7 8 10 11 11 | 11.6
Polearms       | 2 4 7 8 9 10 10 | 10.3
Stealth        | 3 4 0 |  0.0
Hexes          | 1 0 |  0.8
Fighting       | 1 3 4 4 |  4.8
Air Magic      | 1 2 |  2.8
Throwing       | |  0.3
Evocations     | |  0.4

Action                   |  1- 3 |  4- 6 |  7- 9 | 10-12 | 13-15 || total
-------------------------+-------+-------+-------+-------+-------++-------
Melee: Rapier            |    63 |    30 |       |       |       ||    93
       Punch             |     1 |       |       |       |       ||     1
       Scythe            |       |    12 |    40 |       |       ||    52
       Halberd           |       |       |   149 |   295 |    74 ||   518
Throw: Stone             |       |       |     3 |       |       ||     3
       Dart              |       |       |       |     5 |     2 ||     7
 Cast: Summon Small Mamm |    36 |    49 |    30 |    19 |       ||   134
       Call Canine Famil |       |    13 |    60 |   123 |    38 ||   234
       Summon Guardian G |       |     1 |    47 |    92 |    22 ||   162
       Summon Lightning  |       |       |     1 |    35 |    35 ||    71
       Swiftness         |       |       |       |     1 |       ||     1
Invok: Sacrifice Skill   |       |       |     1 |       |     1 ||     2
       Sacrifice Stealth |       |       |       |     1 |       ||     1
       Draw Out Power    |       |       |       |     2 |       ||     2
       Sacrifice Courage |       |       |       |     1 |       ||     1
       Sacrifice Durabil |       |       |       |     1 |       ||     1
       Power Leap        |       |       |       |       |     2 ||     2
       Sacrifice Purity  |       |       |       |       |     1 ||     1
Evoke: Wand              |       |       |       |     3 |       ||     3
  Use: Scroll            |       |       |    18 |     9 |     1 ||    28
       Potion            |       |       |     1 |     8 |       ||     9
 Stab: Sleeping          |     3 |     1 |     5 |       |       ||     9
       Distracted        |       |       |     7 |    15 |     6 ||    28
       Invisible         |       |       |     2 |     1 |     1 ||     4
       Paralysed         |       |       |       |       |     8 ||     8
Armor: Robe              |     4 |     4 |     4 |    45 |    12 ||    69
Dodge: Dodged            |    32 |    33 |    74 |   196 |    49 ||   384
